Map: Eternal Empire LE

Players

Throwfordays - Winner!

  • Race: Protoss Protoss
  • League: Bronze
  • Spawn Location: 7:00

VOD

Have the link to the VOD?

Description

Time

  • Played on: June 25, 2020, 1:47 p.m.
  • Length: 8:29
Show
View Real Time Build Order
Export as new Build Order

Throwfordays Protoss - Winner!

Build Orders:  

Get SALT Encoding   

  12  0:04  Probe (Chrono Boost)  
  14  0:20  Probe (Chrono Boost)  
  14  0:35  Pylon  
  14  0:37  Probe (Chrono Boost)  
  15  1:02  Probe (Chrono Boost)  
  15  1:03  Gateway  
  16  1:19  Probe (Chrono Boost)  
  17  1:43  Nexus  
  17  1:59  Assimilator  
  17  2:03  Probe (Chrono Boost)  
  18  2:10  Cybernetics Core  
  19  2:20  Probe (Chrono Boost)  
  19  2:37  Probe (Chrono Boost)  
  20  2:55  Forge  
  20  2:59  Gateway  
  20  3:16  Gateway  
  20  3:26  Probe (Chrono Boost)  
  20  3:29  Gateway  
  21  3:43  Pylon, Probe (Chrono Boost)  
  21  3:47  Warp Gate  
  22  3:58  Assimilator  
  22  4:12  Probe (Chrono Boost)  
  22  4:17  Robotics Facility  
  22  4:18  Probe (Chrono Boost)  
  23  4:29  Probe x2 (Chrono Boost)  
  26  4:43  Probe (Chrono Boost)  
  26  4:46  Probe (Chrono Boost)  
  28  5:03  Assimilator, Probe (Chrono Boost)  
  28  5:08  Assimilator, Protoss Ground Weapons Level 1  
  29  5:17  Probe (Chrono Boost)  
  31  5:20  Probe (Chrono Boost)  
  31  5:24  Adept x2  
  35  5:33  Probe (Chrono Boost)  
  35  5:34  Probe (Chrono Boost)  
  36  5:45  Probe (Chrono Boost)  
  38  5:50  Probe (Chrono Boost)  
  38  5:51  Adept x2  
  38  5:53  Adept  
  38  5:58  Adept  
  46  6:14  Pylon  
  46  6:22  Pylon  
  46  6:39  Probe (Chrono Boost)  
  47  6:50  Probe (Chrono Boost)  
  47  6:54  Probe (Chrono Boost)  
  49  7:01  Probe (Chrono Boost)  
  51  7:11  Probe (Chrono Boost)  
  51  7:15  Unknown x6  
  51  7:27  Pylon  
  51  7:28  Probe (Chrono Boost)  
  52  8:13  Stalker  
  52  8:14  Stalker x3  
Tags
 
League
Bronze
Matchup
Co-op
Replay Pack
Multiplayer
Add a new tag
Caveats
  • Supply blocks, unpowered buildings, or Contaminate may cause inaccurate times.
  • Supply counts are checked every 10 seconds.